 Dungeon Crawl Stone Soup version 0.20.1-1-g8b1a95d (webtiles) character file.

431 sanboga the Skirmisher (level 6, -14/43 HPs)
             Began as an Octopode Chaos Knight on Dec 19, 2017.
             Demolished by a wyvern (15 damage)
             ... on level 10 of the Dungeon.
             The game lasted 00:06:57 (2630 turns).

sanboga the Skirmisher (Octopode Chaos Knight)      Turns: 2630, Time: 00:06:58

Health: -14/43     AC:  6    Str: 12    XL:     6   Next: 99%
Magic:  6/6        EV: 14    Int: 16    God:    Xom [..*...]
Gold:   147        SH:  0    Dex: 11    Spells: 5/5 levels left

rFire    . . .     SeeInvis .   j - +3 quarterstaff (chaos)
rCold    . . .     Gourm    .   (shield currently unavailable)
rNeg     . . .     Faith    .   (helmet restricted)
rPois    .         Spirit   .   (no amulet)
rElec    .         Reflect  .   k - ring of loudness (curse)
rCorr    .         Harm     .   l - +5 ring of protection
MR       .....                  (no ring)
Stlth    ++........             (no ring)
Regen    0.2/turn               (no ring)
MPRegen  0.1/turn               (no ring)
                                (no ring)
                                (no ring)

@: no status effects
A: almost no armour, stealthy swim, amphibious, 8 rings, constrict 8, camouflage
1, gelatinous body 1
a: Renounce Religion


You were on level 10 of the Dungeon.
You worshipped Xom.
You were a toy of Xom.
You were not hungry.

You visited 1 branch of the dungeon, and saw 8 of its levels.

You collected 147 gold pieces.

Inventory:

Hand Weapons
 j - a +3 quarterstaff of chaos (weapon)
Jewellery
 k - a cursed ring of loudness (left tentacle)
 l - a +5 ring of protection (right tentacle)
Scrolls
 a - a scroll of remove curse {unknown}
 c - a scroll of immolation {unknown}
 e - a scroll of enchant weapon {unknown}
 f - a scroll of enchant armour {unknown}
Potions
 h - 2 potions of lignification {unknown}
 i - a potion of agility {unknown}
Comestibles
 b - 4 bread rations
 d - 2 meat rations
 g - a royal jelly
 m - 4 fruits


   Skills:
 + Level 4.2 Fighting
   Level 3.8(4.6) Polearms
 + Level 3.8(4.6) Staves
 + Level 3.5 Dodging
 + Level 4.1 Stealth


You had 5 spell levels left.
You didn't know any spells.

Dungeon Overview and Level Annotations

Branches:
Dungeon (10/15)            Temple (0/1) D:6
   Lair: D:8-11         Orc: D:9-12

Altars:
Fedhas
Xom


Innate Abilities, Weirdness & Mutations

You cannot wear most types of armour.
You are very stealthy in the water. (Stealth+)
You are amphibious.
You can wear up to eight rings at the same time.
You can use your tentacles to constrict eight enemies at once.
Your skin changes colour to match your surroundings (Stealth+).
Your rubbery body absorbs attacks. (AC +1, EV +1)


Message History

The worker ant twitches its antennae in your direction.
You climb downwards. 3 killer bees come into view.
Found 16 gold pieces and a brown potion.
Found a stone staircase leading down.
There is a stone staircase leading up here.
You barely miss the wyvern.
The killer bee buzzes angrily.
The killer bee stings you. The wyvern bites you!
* * * LOW HITPOINT WARNING * * *
The killer bee closely misses you. The wyvern closely misses you.
The killer bee buzzes angrily. x2
You hit the wyvern.
The wyvern is poisoned.
The wyvern is moderately wounded.
The killer bee barely misses you. The wyvern barely misses you.
You barely miss the wyvern.
The wyvern is moderately wounded.
The wyvern bites you!
You die...
Xom roars with laughter!

.## ..# ..#
## ..#
...#####..#
.....y..#
#..yy#
#.l@.#
#..>.#
#....#
#.....
#...#..
#.####.# ..
.# !## .#


You could see a wyvern and 3 killer bees.

Vanquished Creatures
  An ice beast (D:6)
  A howler monkey (D:6)
  A crimson imp (D:6)
  An orc priest (D:6)
  A centaur skeleton (D:6)
  Crazy Yiuf (D:3)
  A worker ant (D:4)
  3 gnolls (D:3)
  An adder (D:6)
  3 oozes
  3 dart slugs
  9 orcs
  3 ball pythons
  A giant cockroach (D:2)
  7 goblins
  9 hobgoblins
  4 kobolds
  A quokka (D:6)
  A ball python skeleton (D:6)
  4 bats (D:1)
  2 frilled lizards
  7 rats
65 creatures vanquished.

Vanquished Creatures (collateral kills)
  A hound (D:4)
  An iguana (D:4)
2 creatures vanquished.

Grand Total: 67 creatures vanquished

Notes
Turn   | Place    | Note
-------+----------+-------------------------------------------
     0 | D:1      | sanboga the Octopode Chaos Knight began the quest for the Orb.
     0 | D:1      | Reached XP level 1. HP: 16/16 MP: 1/1
   247 | D:1      | XOM: harmless Hex miscast
   332 | D:1      | Reached XP level 2. HP: 21/21 MP: 2/2
   405 | D:1      | XOM: scenery: 1 doors open
   447 | D:1      | Reached XP level 3. HP: 25/26 MP: 3/3
   784 | D:3      | Found a runed door.
   788 | D:3      | Noticed Crazy Yiuf
   791 | D:3      | XOM: butterfly on damage
   796 | D:3      | Killed Crazy Yiuf
   796 | D:3      | Reached XP level 4. HP: 13/33 MP: 4/4
  1323 | D:3      | Reached skill level 1 in Stealth
  1329 | D:3      | Found a blossoming altar of Fedhas.
  1501 | D:3      | XOM: severe Conj miscast
  1613 | D:3      | Reached XP level 5. HP: 13/37 MP: 5/5
  1614 | D:3      | Reached skill level 1 in Staves
  1871 | D:3      | XOM: scenery: create altars
  1893 | D:4      | XOM: cast spell 'Summon Mana Viper'
  2075 | D:5      | Entered Level 5 of the Dungeon
  2141 | D:6      | Found a staircase to the Ecumenical Temple.
  2147 | D:6      | XOM: polymorph jelly -> howler monkey
  2155 | D:6      | Reached XP level 6. HP: 41/43 MP: 6/6
  2187 | D:6      | XOM: fake destruction
  2286 | D:6      | Noticed an ice beast
  2302 | D:6      | Killed an ice beast
  2493 | D:6      | XOM: cloud trail
  2596 | D:6      | You fall through a shaft for 3 floors!
  2606 | D:9      | Noticed a two-headed ogre
  2622 | D:9      | Noticed a wyvern
  2623 | D:9      | XOM: harmless Conj miscast
  2627 | D:10     | Entered Level 10 of the Dungeon
  2628 | D:10     | HP: 1/43 [wyvern (14)]
  2630 | D:10     | Demolished by a wyvern

Skill      XL: |  1  2  3  4  5  6 |
---------------+-------------------+-----
Stealth        | 2 3 4 |  4.1
Fighting       | 4 |  4.2
Dodging        | 3 |  3.5
Staves         | 2 3 |  3.8
Polearms       | |  3.8

Action                   |  1- 3 |  4- 6 || total
-------------------------+-------+-------++-------
Melee: Spear             |    57 |       ||    57
       Constrict         |    14 |    11 ||    25
       Tentacles         |    11 |     5 ||    16
       Quarterstaff      |       |    75 ||    75
 Stab: Sleeping          |     3 |     2 ||     5
       Petrifying        |     1 |       ||     1
       Paralysed         |       |     1 ||     1
  Eat: Chunk             |       |     3 ||     3
       Royal jelly       |       |     1 ||     1
Armor: Skin              |     2 |     8 ||    10
Dodge: Dodged            |    16 |    59 ||    75
